ACL
ACL KANSAS CITY ROYALS @ ACL TEXAS RANGERS
06/21/2042
 
TOP OF THE 1ST
ACL Kansas City Royals batting - Pitching for ACL Texas Rangers : RHP Mike Harris
Pitching: RHP Mike Harris
Batting: RHB Tacito Lombardo 0-0: Called Strike
0-1: Fly out, F8 (Flyball, 8RXD, EV 94.4 MPH)
Batting: RHB Tim Sheehan 0-0: Ball
1-0: Ball
2-0: Swinging Strike
2-1: Ball
3-1: Foul Ball, location: 3F
3-2: Strikes out swinging
Batting: LHB Cal Miner 0-0: Ground out 3-1 (Groundball, 34S, EV 89.4 MPH)
Top of the 1st over - 0 runs, 0 hits, 0 errors, 0 left on base; ACL Kansas City 0 - ACL Texas 0
BOTTOM OF THE 1ST
ACL Texas Rangers batting - Pitching for ACL Kansas City Royals : RHP Tomás García
Pitching: RHP Tomás García
Batting: RHB Steve Palmer 0-0: Ball
1-0: Foul Ball, location: 5F
1-1: Swinging Strike
1-2: Ball
2-2: Strikes out swinging
Batting: RHB Chris Meyer 0-0: Foul Ball, location: 2RF
0-1: Foul Ball, location: 3SF
0-2: Ball
1-2: Ball
2-2: Fly out, F9 (Flyball, 9, EV 76.9 MPH)
Batting: LHB Marc Lambert 0-0: Ball
1-0: Called Strike
1-1: Swinging Strike
1-2: Ball
2-2: Strikes out swinging
Bottom of the 1st over - 0 runs, 0 hits, 0 errors, 0 left on base; ACL Kansas City 0 - ACL Texas 0
TOP OF THE 2ND
ACL Kansas City Royals batting - Pitching for ACL Texas Rangers : RHP Mike Harris
Batting: RHB Mike Pruitt 0-0: Called Strike
0-1: Swinging Strike
0-2: Ball
1-2: SINGLE (Groundball, 4D, EV 108.8 MPH)
Batting: LHB Abdul-Jalil bin Hilel 0-0: Ball
1-0: Grounds into double play, 5-4-3 (Groundball, 56S, EV 86.3 MPH)
Batting: RHB José Solíz 0-0: Ball
1-0: Ball
2-0: Fly out, F7 (Line Drive, 7LS, EV 98.1 MPH)
Top of the 2nd over - 0 runs, 1 hit, 0 errors, 0 left on base; ACL Kansas City 0 - ACL Texas 0
BOTTOM OF THE 2ND
ACL Texas Rangers batting - Pitching for ACL Kansas City Royals : RHP Tomás García
Batting: LHB Raúl Ovalles 0-0: Ball
1-0: Swinging Strike
1-1: Foul Ball, location: 2RF
1-2: Foul Ball, location: 2F
1-2: Foul Ball, location: 9LSF
1-2: Ball
2-2: Ball
3-2: Foul Ball, location: 23F
3-2: Base on Balls
Batting: LHB Chavo Vázquez 0-0: Ball
1-0: Ball
2-0: Fly out, F8 (Flyball, 8LD, EV 108.8 MPH)
Runner from 1st tags up, SAFE at 2nd
Batting: SHB Jim Unknown 0-0: Called Strike
Raúl Ovalles is caught stealing 3rd base 2-5
0-1: Ball
1-1: Foul Ball, location: 2F
1-2: Foul Ball, location: 2LF
1-2: Ball
2-2: Foul Ball, location: 3F
2-2: Ball
3-2: Strikes out looking
Bottom of the 2nd over - 0 runs, 0 hits, 0 errors, 0 left on base; ACL Kansas City 0 - ACL Texas 0
TOP OF THE 3RD
ACL Kansas City Royals batting - Pitching for ACL Texas Rangers : RHP Mike Harris
Batting: LHB Sammy Cervantes 0-0: Ball
1-0: Ball
2-0: Swinging Strike
2-1: Foul Ball, location: 7LMF
2-2: Strikes out swinging
Batting: RHB Jermaine Sullivan 0-0: Called Strike
0-1: Swinging Strike
0-2: Ground out 4-3 (Groundball, 4, EV 91.3 MPH)
Batting: RHB Rob Shelton 0-0: Ball
1-0: Called Strike
1-1: Ball
2-1: SINGLE (Groundball, 56D, EV 103.1 MPH) (infield hit)
Batting: RHB Tacito Lombardo 0-0: Called Strike
0-1: Ball
1-1: Ball
2-1: Fielders Choice at 2nd, 5-4 (Groundball, 56, EV 63.8 MPH)
Top of the 3rd over - 0 runs, 1 hit, 0 errors, 1 left on base; ACL Kansas City 0 - ACL Texas 0
BOTTOM OF THE 3RD
ACL Texas Rangers batting - Pitching for ACL Kansas City Royals : RHP Tomás García
Batting: RHB Jim Unknown 0-0: Ball
1-0: Ball
2-0: Ball
3-0: Called Strike
3-1: Base on Balls
Batting: RHB Jim Unknown 0-0: Sac Bunt to 2L - play at first, batter OUT! 2-3
Jim Unknown to second
Batting: RHB Jim Unknown 0-0: Ball
1-0: Foul Ball, location: 2RF
1-1: Ball
2-1: Ball
3-1: Base on Balls
Batting: RHB Steve Palmer 0-0: Ball
1-0: Ball
2-0: Called Strike
2-1: Ball
3-1: Foul Ball, location: 9LSF
3-2: Base on Balls
Jim Unknown to third
Jim Unknown to second
Batting: RHB Chris Meyer 0-0: Called Strike
0-1: Foul Ball, location: 2F
0-2: Ball
1-2: Ball
2-2: Strikes out looking
Batting: LHB Marc Lambert 0-0: Ball
1-0: Called Strike
1-1: Foul Ball, location: 9LDF
1-2: Foul Ball, location: 2F
1-2: Foul Ball, location: 5DF
1-2: Strikes out swinging
Bottom of the 3rd over - 0 runs, 0 hits, 0 errors, 3 left on base; ACL Kansas City 0 - ACL Texas 0
TOP OF THE 4TH
ACL Kansas City Royals batting - Pitching for ACL Texas Rangers : RHP Mike Harris
Batting: RHB Tim Sheehan 0-0: Ball
1-0: Called Strike
1-1: Ball
2-1: Called Strike
2-2: Ball
3-2: Ground out 6-3 (Groundball, 6, EV 86.9 MPH)
Batting: LHB Cal Miner 0-0: Ball
1-0: Ball
2-0: Ground out 4-3 (Groundball, 4, EV 105.0 MPH)
Batting: RHB Mike Pruitt 0-0: Ball
1-0: Foul Ball, location: 2F
1-1: Fly out, F9 (Flyball, 9D, EV 79.4 MPH)
Top of the 4th over - 0 runs, 0 hits, 0 errors, 0 left on base; ACL Kansas City 0 - ACL Texas 0
BOTTOM OF THE 4TH
ACL Texas Rangers batting - Pitching for ACL Kansas City Royals : RHP Tomás García
Batting: LHB Raúl Ovalles 0-0: Ball
1-0: Swinging Strike
1-1: Swinging Strike
1-2: Fly out, F8 (Flyball, 8LD, EV 99.4 MPH)
Batting: LHB Chavo Vázquez 0-0: Foul Ball, location: 23F
0-1: Called Strike
0-2: Strikes out swinging
Batting: SHB Jim Unknown 0-0: Ball
1-0: Ball
2-0: Fly out, F7 (Line Drive, 78D, EV 93.1 MPH)
Bottom of the 4th over - 0 runs, 0 hits, 0 errors, 0 left on base; ACL Kansas City 0 - ACL Texas 0
TOP OF THE 5TH
ACL Kansas City Royals batting - Pitching for ACL Texas Rangers : RHP Mike Harris
Batting: LHB Abdul-Jalil bin Hilel 0-0: Called Strike
0-1: Swinging Strike
0-2: Ball
1-2: Foul Ball, location: 9LSF
1-2: Ball
2-2: Foul Ball, location: 2F
2-2: Ball
3-2: Foul Ball, location: 3DF
3-2: Base on Balls
Batting: RHB José Solíz 0-0: Ball
1-0: Foul Ball, location: 2F
1-1: Ball
2-1: Ball
3-1: Base on Balls
Abdul-Jalil bin Hilel to second
Batting: LHB Sammy Cervantes 0-0: Foul Ball, location: 5DF
0-1: Ball
1-1: Ball
2-1: Foul Ball, location: 5DF
2-2: Ball
3-2: Base on Balls
Abdul-Jalil bin Hilel to third
José Solíz to second
Batting: RHB Jermaine Sullivan 0-0: GRAND SLAM HOME RUN (Flyball, 78XD, EV 108.8 MPH), Distance : 443 ft
Batting: RHB Rob Shelton 0-0: Ball
1-0: Ball
2-0: Called Strike
2-1: Ball
3-1: Base on Balls
Pitching: LHP Héctor Álvarez
Batting: RHB Tacito Lombardo 0-0: Ball
Rob Shelton steals 2nd base
1-0: Foul Ball, location: 2F
1-1: Ground out 3-1 (Groundball, 34, EV 86.9 MPH)
Rob Shelton to third
Batting: RHB Tim Sheehan 0-0: Called Strike
0-1: Foul Ball, location: 9LDF
0-2: Foul Ball, location: 9LMF
0-2: Ball
1-2: SINGLE (Line Drive, 7LS, EV 94.4 MPH)
Rob Shelton scores
Batting: LHB Cal Miner 0-0: Called Strike
0-1: Called Strike
0-2: Ball
1-2: Strikes out swinging
Batting: RHB Mike Pruitt 0-0: Called Strike
Tim Sheehan steals 2nd base
0-1: Foul Ball, location: 23FF
0-2: Ball
1-2: Ball
2-2: Foul Ball, location: 2F
2-2: Ball
3-2: 2-RUN HOME RUN (Flyball, 7D, EV 98.1 MPH), Distance : 385 ft
Batting: LHB Abdul-Jalil bin Hilel 0-0: Swinging Strike
0-1: Ground out 4-3 (Groundball, 4, EV 88.8 MPH)
Top of the 5th over - 7 runs, 3 hits, 0 errors, 0 left on base; ACL Kansas City 7 - ACL Texas 0
BOTTOM OF THE 5TH
ACL Texas Rangers batting - Pitching for ACL Kansas City Royals : RHP Tomás García
Batting: RHB Jim Unknown 0-0: Called Strike
0-1: Called Strike
0-2: Ball
1-2: Ball
2-2: Ball
3-2: Strikes out swinging
Batting: RHB Jim Unknown 0-0: Called Strike
0-1: Swinging Strike
0-2: DOUBLE (Flyball, 8RXD, EV 95.0 MPH)
Batting: RHB Jim Unknown 0-0: Foul Ball, location: 2F
0-1: Ball
1-1: Foul Ball, location: 25F
1-2: Foul Ball, location: 2F
1-2: Foul Ball, location: 3FF
1-2: Ball
2-2: Ground out 6-3 (Groundball, 6, EV 101.9 MPH)
Batting: RHB Steve Palmer 0-0: Called Strike
0-1: Ball
1-1: Foul Ball, location: 5F
1-2: Ball
2-2: Foul Ball, location: 9LDF
2-2: Ball
3-2: Base on Balls
Batting: RHB Chris Meyer 0-0: Ball
1-0: Called Strike
1-1: Ball
2-1: Ball
3-1: Base on Balls
Jim Unknown to third
Steve Palmer to second
Batting: LHB Marc Lambert 0-0: Ball
1-0: Foul Ball, location: 2F
1-1: Ball
2-1: Swinging Strike
2-2: Foul Ball, location: 2F
2-2: Strikes out swinging
Bottom of the 5th over - 0 runs, 1 hit, 0 errors, 3 left on base; ACL Kansas City 7 - ACL Texas 0
TOP OF THE 6TH
ACL Kansas City Royals batting - Pitching for ACL Texas Rangers : LHP Héctor Álvarez
Batting: RHB José Solíz 0-0: Ball
1-0: Ball
2-0: Foul Ball, location: 3F
2-1: Fly out, F9 (Line Drive, 9, EV 91.9 MPH)
Batting: LHB Sammy Cervantes 0-0: Ball
1-0: Called Strike
1-1: Foul Ball, location: 2F
1-2: Strikes out swinging
Batting: RHB Jermaine Sullivan 0-0: Ball
1-0: Called Strike
1-1: Called Strike
1-2: Strikes out swinging
Top of the 6th over - 0 runs, 0 hits, 0 errors, 0 left on base; ACL Kansas City 7 - ACL Texas 0
BOTTOM OF THE 6TH
ACL Texas Rangers batting - Pitching for ACL Kansas City Royals : RHP Tomás García
Pitching: RHP Bob Little
Batting: LHB Raúl Ovalles 0-0: Foul Ball, location: 5DF
0-1: Ball
1-1: Ground out 3-1 (Groundball, 34S, EV 85.6 MPH)
Batting: LHB Chavo Vázquez 0-0: Ball
1-0: SOLO HOME RUN (Flyball, 9D, EV 95.0 MPH), Distance : 380 ft
Batting: SHB Jim Unknown 0-0: Ground out 4-3 (Groundball, 4, EV 93.1 MPH)
Batting: RHB Jim Unknown 0-0: Called Strike
0-1: Ball
1-1: Foul Ball, location: 2F
1-2: Strikes out swinging
Bottom of the 6th over - 1 run, 1 hit, 0 errors, 0 left on base; ACL Kansas City 7 - ACL Texas 1
TOP OF THE 7TH
ACL Kansas City Royals batting - Pitching for ACL Texas Rangers : LHP Héctor Álvarez
Batting: RHB Rob Shelton 0-0: Called Strike
0-1: Ball
1-1: Swinging Strike
1-2: Foul Ball, location: 2F
1-2: Strikes out looking
Batting: RHB Tacito Lombardo 0-0: Foul Ball, location: 9LSF
0-1: Foul Ball, location: 25FF
0-2: Ball
1-2: Strikes out swinging
Batting: RHB Tim Sheehan 0-0: SINGLE (Groundball, 56D, EV 101.9 MPH)
Batting: LHB Cal Miner 0-0: Called Strike
0-1: Foul Ball, location: 23F
0-2: Foul Ball, location: 3DF
0-2: Fly out, F4 (Line Drive, 4, EV 66.3 MPH)
Top of the 7th over - 0 runs, 1 hit, 0 errors, 1 left on base; ACL Kansas City 7 - ACL Texas 1
BOTTOM OF THE 7TH
ACL Texas Rangers batting - Pitching for ACL Kansas City Royals : RHP Bob Little
Batting: RHB Jim Unknown 0-0: Ball
1-0: Called Strike
1-1: Called Strike
1-2: Foul Ball, location: 9LSF
1-2: Strikes out swinging
Batting: RHB Jim Unknown 0-0: Ball
1-0: Fly out, F8 (Flyball, 8LD, EV 102.5 MPH)
Batting: RHB Steve Palmer 0-0: Ball
1-0: Fly out, F7 (Line Drive, 7S, EV 93.1 MPH)
Bottom of the 7th over - 0 runs, 0 hits, 0 errors, 0 left on base; ACL Kansas City 7 - ACL Texas 1
TOP OF THE 8TH
ACL Kansas City Royals batting - Pitching for ACL Texas Rangers : LHP Héctor Álvarez
Pitching: RHP Dave Webber
Batting: RHB Mike Pruitt 0-0: Swinging Strike
0-1: Ball
1-1: Fly out, F8 (Flyball, 8LS, EV 93.8 MPH)
Batting: LHB Abdul-Jalil bin Hilel 0-0: Swinging Strike
0-1: Swinging Strike
0-2: Strikes out swinging
Batting: RHB José Solíz 0-0: Ball
1-0: Called Strike
1-1: Ground out 5-3 (Groundball, 15, EV 85.0 MPH)
Top of the 8th over - 0 runs, 0 hits, 0 errors, 0 left on base; ACL Kansas City 7 - ACL Texas 1
BOTTOM OF THE 8TH
ACL Texas Rangers batting - Pitching for ACL Kansas City Royals : RHP Bob Little
Batting: RHB Chris Meyer 0-0: Ball
1-0: Called Strike
1-1: Swinging Strike
1-2: Ball
2-2: Ball
3-2: Strikes out swinging
Batting: LHB Marc Lambert 0-0: Foul Ball, location: 7LDF
0-1: Ball
1-1: Called Strike
1-2: Ball
2-2: Ball
3-2: Hit by Pitch
Batting: LHB Raúl Ovalles 0-0: Called Strike
0-1: Fly out, F8 (Line Drive, 78D, EV 85.0 MPH)
Batting: LHB Chavo Vázquez 0-0: Called Strike
0-1: Ball
1-1: Foul Ball, location: 9LDF
1-2: Ball
2-2: Ball
3-2: Fly out, F8 (Line Drive, 78M, EV 91.3 MPH)
Bottom of the 8th over - 0 runs, 0 hits, 0 errors, 1 left on base; ACL Kansas City 7 - ACL Texas 1
TOP OF THE 9TH
ACL Kansas City Royals batting - Pitching for ACL Texas Rangers : RHP Dave Webber
Batting: RHB Andy Lyons 0-0: Ball
1-0: Ball
2-0: Ball
3-0: Base on Balls
Batting: RHB Jermaine Sullivan 0-0: Called Strike
0-1: Swinging Strike
0-2: Strikes out swinging
Pinch Hitting: RHB Marc Picot 0-0: Ball
1-0: Ball
2-0: Called Strike
2-1: Ball
3-1: Base on Balls
Andy Lyons to second
Batting: RHB Tacito Lombardo 0-0: Ball
1-0: Foul Ball, location: 9LMF
1-1: Hit by Pitch
Andy Lyons to third
Marc Picot to second
Pinch Hitting: RHB Tony Nieto 0-0: Grounds into fielders choice 3-2 (Groundball, 34S, EV 90.0 MPH)
Marc Picot to third
Tacito Lombardo to second
Batting: LHB Cal Miner 0-0: Swinging Strike
0-1: Foul Ball, location: 5F
0-2: Ball
1-2: Foul Ball, location: 7LMFF
1-2: Ball
2-2: Ball
3-2: DOUBLE (Line Drive, 9LS, EV 99.4 MPH)
Marc Picot scores
Tacito Lombardo scores
Tony Nieto to third
Tony Nieto scores
Pinch Hitting: SHB Ernesto Ortíz 0-0: Ball
1-0: Ball
2-0: Foul Ball, location: 25FF
2-1: SINGLE (Line Drive, 34, EV 93.8 MPH)
Cal Miner to third
Runner from 3rd tries for Home, throw by RF and OUT! 9-2
Top of the 9th over - 3 runs, 2 hits, 0 errors, 1 left on base; ACL Kansas City 10 - ACL Texas 1
BOTTOM OF THE 9TH
ACL Texas Rangers batting - Pitching for ACL Kansas City Royals : RHP Bob Little
Now at 2B: Manny Castro
Now at 3B: Ánibal Portillo
Now in RF: Tony Nieto
Pinch Hitting: LHB Jim Unknown 0-0: Ball
1-0: Called Strike
1-1: Ball
2-1: Fly out, F8 (Flyball, 8RXD, EV 110.6 MPH)
Pinch Hitting: RHB Jim Unknown 0-0: Foul Ball, location: 2F
0-1: Swinging Strike
0-2: Strikes out swinging
Batting: RHB Jim Unknown 0-0: Fly out, F8 (Flyball, 8LM, EV 85.6 MPH)
Bottom of the 9th over - 0 runs, 0 hits, 0 errors, 0 left on base; ACL Kansas City 10 - ACL Texas 1
Friday, May 3rd , 2024 - OOTP Baseball 24.10 Build 82